 Dungeon Crawl Stone Soup version 0.30.1 (webtiles) character file.

Game seed: 252864579281930953

136 cdecastro the Chopper (level 5, 0/47 HPs)
             Began as a Hill Orc Fighter on July 10, 2023.
             Slain by Robin
             ... wielding a +3 spectral club
              (7 damage)
             ... on level 3 of the Dungeon.
             The game lasted 00:03:39 (1829 turns).

cdecastro the Chopper (Hill Orc Fighter)            Turns: 1829, Time: 00:03:40

Health: 0/47       AC:  9    Str: 21    XL:     5   Next: 19%
Magic:  5/5        EV:  7    Int:  8    God:
Gold:   83         SH:  4    Dex: 10    Spells: 4/4 levels left

rFire   . . .        a - +0 war axe
rCold   . . .        c - +0 buckler
rNeg    . . .        h - +0 chain mail
rPois   .            (no helmet)
rElec   .            (no cloak)
rCorr   .            (no gloves)
SInv    .            (no boots)
Will    .....        (no amulet) Stlth
                     (no ring)
HPRegen 0.27/turn    (no ring)
MPRegen 0.09/turn

%: no passive effects
@: no status effects
A: no striking features
a: no special abilities


You were on level 3 of the Dungeon.
You visited 1 branch of the dungeon, and saw 3 of its levels.

You collected 83 gold pieces.

Inventory:

Hand Weapons
 a - a +0 war axe (weapon)
Missiles
 u - 3 poisoned darts (quivered)
Armour
 b - a +0 scale mail
 c - a +0 buckler (worn)
 h - a +0 chain mail (worn)
Wands
 o - a wand of charming (11)
Scrolls
 e - 4 scrolls of identify {unknown}
 g - a scroll of enchant armour {unknown}
 j - a scroll of silence {unknown}
 k - a scroll of fog {unknown}
 l - a scroll of enchant weapon {unknown}
 q - a scroll of poison {unknown}
 r - a scroll of teleportation {unknown}
 t - a scroll of fear {unknown}
Potions
 d - 2 potions of might
 f - a potion of haste {unknown}
 i - a potion of invisibility {unknown}
 m - a potion of mutation {unknown}
 n - 3 potions of curing {unknown}
 p - a potion of attraction {unknown}
 s - a potion of brilliance {unknown}


   Skills:
 + Level 4.9 Fighting
 * Level 5.9 Axes
 - Level 3.2 Armour
 - Level 3.2 Shields


You had 4 spell levels left.
You didn't know any spells.
Your spell library contained the following spells:

 Spells                   Type           Power      Damage    Failure   Level
 Sublimation of Blood     Necr           0%         N/A       99%         2
 Wereblood                Tmut           0%         N/A       99%         2
 Ozocubu's Armour         Ice            0%         N/A       100%        3
 Ozocubu's Refrigeration  Ice            0%         4d7       100%        7
 Summon Hydra             Summ           0%         N/A       100%        7


Dungeon Overview and Level Annotations

Branches:
Dungeon (3/15)

Altars:
Kikubaaqudgha

Annotations:
D:2 Sigmund
D:3 Robin


Message History

You kill the goblin!
Robin hits you but does no damage. The +3 spectral club hits you!
A +3 spectral club comes into view.
You see here a +0 club.
You hit Robin.
Robin is moderately wounded.
You miss the +3 spectral club. Robin hits you with a +3 spectral club.
The +3 spectral club hits you. Robin hits you with a +3 spectral club.
The +3 spectral club hits you.
You barely miss Robin.
Robin is moderately wounded.
You barely miss the +3 spectral club. Robin hits you with a +3 spectral club.
* * * LOW HITPOINT WARNING * * *
The +3 spectral club hits you!
* * * LOW HITPOINT WARNING * * *
You hit Robin.
Robin is heavily wounded.
You hit the +3 spectral club.
Robin shares their spectral weapon's damage!
You closely miss the kobold. The kobold hits you with a +0 club.
* * * LOW HITPOINT WARNING * * *
Robin hits you with a +3 spectral club.
* * * LOW HITPOINT WARNING * * *
The +3 spectral club hits you!
* * * LOW HITPOINT WARNING * * *
Press: ? - help, v - describe, . - travel
Here: Robin, wielding a +3 spectral club, wearing a +0 animal skin and wearing a +0 helmet (severely wounded)
The floor.
Unknown command.
Unknown command.
Aiming: Charm
Press: ? - help, Shift-Dir - straight line, f - kobold
Aim: a kobold, wielding a +0 club and quivering stones (chance to affect: 66%)
Okay, then.
Unknown command.
You hit Robin.
Robin is almost dead.
You barely miss the +3 spectral club. You closely miss the kobold.
Robin hits you with a +3 spectral club!
You die...

..............###+#...#
..........?.....$.....#
......................#
..................!...#
.......†..).............
.............###+######..
.............# # ##
........)...(###.#
............g@...#
............K#####
............## .
...........##
..........## ........##
######## #.#.##. #......(
#. #. #....... #.......


You could see a +3 spectral club, Robin and a kobold.

Vanquished Creatures
  An orc wizard (D:3)
  3 adders
  A worm (D:2)
  A dart slug (D:1)
  2 orcs (D:3)
  6 ball pythons
  8 bats
  2 endoplasms
  2 giant cockroaches
  15 goblins
  5 hobgoblins
  5 jackals
  2 quokkas
  3 frilled lizards
  9 kobolds
  8 rats
73 creatures vanquished.

Vanquished Creatures (others)
  A human (D:3)
1 creature vanquished.

Grand Total: 74 creatures vanquished

Notes
Turn   | Place    | Note
-------+----------+-------------------------------------------
     0 | D:1      | cdecastro the Hill Orc Fighter began the quest for the Orb.
     0 | D:1      | Reached XP level 1. HP: 19/19 MP: 1/1
    29 | D:1      | Reached skill level 3 in Axes
   107 | D:1      | Reached XP level 2. HP: 27/27 MP: 2/2
   262 | D:1      | Reached skill level 4 in Axes
   374 | D:1      | Reached XP level 3. HP: 33/33 MP: 3/3
   927 | D:2      | Reached XP level 4. HP: 41/41 MP: 4/4
  1087 | D:2      | Noticed Sigmund
  1174 | D:3      | Reached skill level 5 in Axes
  1500 | D:3      | Found an ancient bone altar of Kikubaaqudgha.
  1500 | D:3      | Noticed a human
  1503 | D:3      | Killed a human
  1644 | D:3      | Reached XP level 5. HP: 45/47 MP: 5/5
  1812 | D:3      | Noticed Robin
  1829 | D:3      | Slain by Robin

Illustrated notes

Levels and vault maps discovered:
D:1:      wheals_arrival_shading, layout_rooms, minmay_tetromino_s2
D:2:      layout_loops_corners, minmay_split_cup_small, uniq_sigmund
D:3:      layout_basic, tgw_kikubaaqudgha, uniq_robin

Skill      XL: |  1  2  3  4 |
---------------+-------------+-----
Axes           | 3 4 5 |  5.9
Fighting       | 4 |  4.9
Armour         | |  3.2
Shields        | |  3.2

Action                     |  1- 3 |  4- 6 || total
---------------------------+-------+-------++-------
  Melee: War axe           |   110 |    92 ||   202
 Armour: Scale mail        |    25 |       ||    25
         Chain mail        |    58 |    62 ||   120
  Dodge: Dodged            |    47 |    30 ||    77
  Block: Buckler           |    35 |    17 ||    52
